TOP OF THE 1ST |
Victoria Capitals batting - Pitching for Houston Colt .45's : LHP Manny Gonzales
|
Pitching: LHP Manny Gonzales
|
|
Batting: RHB Ross Hallock
|
0-0: Called Strike 0-1: Ball 1-1: Ball 2-1: Ball 3-1: Base on Balls
|
Batting: LHB Addisu Nyamekye
|
0-0: Ball 1-0: Grounds into double play, 4-6-3 (Groundball, 4, EV 86.9 MPH)
|
Batting: RHB Jesus Santiago
|
0-0: Ball 1-0: Ball 2-0: Ball 3-0: Called Strike 3-1: Foul Ball, location: 2F 3-2: Ground out 6-3 (Groundball, 6, EV 99.4 MPH)
|
Top of the 1st over - 0 runs, 0 hits, 0 errors, 0 left on base; Victoria 0 - Houston 0 |
BOTTOM OF THE 1ST |
Houston Colt .45's batting - Pitching for Victoria Capitals : LHP Tristan Martin
|
Pitching: LHP Tristan Martin
|
|
Batting: RHB Jarno van Lente
|
0-0: Ball 1-0: Ball 2-0: Foul Ball, location: 2F 2-1: Foul Ball, location: 2F 2-2: Foul Ball, location: 2F 2-2: Ball 3-2: Fly out, F8 (Flyball, 8LD, EV 108.1 MPH)
|
Batting: RHB Arnold Schuler
|
0-0: Ground out 5-3 (Groundball, 56, EV 81.9 MPH)
|
Batting: RHB Jamie Walker
|
0-0: Ball 1-0: Called Strike 1-1: Foul Ball, location: 2F 1-2: TRIPLE (Flyball, 78XD, EV 105.6 MPH)
|
Batting: RHB Tim Williams
|
0-0: Ball 1-0: Ball 2-0: Called Strike 2-1: Swinging Strike 2-2: SINGLE (Line Drive, 9LS, EV 103.8 MPH) Jamie Walker scores
|
Batting: LHB Ryan Fridley
|
0-0: Ball 1-0: Ball 2-0: Ground out 5-3 (Groundball, 56S, EV 83.8 MPH)
|
Bottom of the 1st over - 1 run, 2 hits, 0 errors, 1 left on base; Victoria 0 - Houston 1 |
TOP OF THE 2ND |
Victoria Capitals batting - Pitching for Houston Colt .45's : LHP Manny Gonzales
|
Batting: RHB Steve Carmichael
|
0-0: Swinging Strike 0-1: Ball 1-1: Ball 2-1: SINGLE (Groundball, 5L, EV 105.6 MPH)
|
Batting: RHB Rich Griffith
|
0-0: Ball 1-0: Called Strike 1-1: Grounds into double play, 6-4-3 (Groundball, 6, EV 104.4 MPH)
|
Batting: RHB Josh Rentz
|
0-0: Foul Ball, location: 2F 0-1: Ball 1-1: Called Strike 1-2: Strikes out swinging
|
Top of the 2nd over - 0 runs, 1 hit, 0 errors, 0 left on base; Victoria 0 - Houston 1 |
BOTTOM OF THE 2ND |
Houston Colt .45's batting - Pitching for Victoria Capitals : LHP Tristan Martin
|
Batting: LHB Bert Middleton
|
0-0: Ball 1-0: Ball 2-0: Called Strike 2-1: Ball 3-1: SOLO HOME RUN (Flyball, 7LD, EV 97.5 MPH), Distance : 343 ft
|
Batting: RHB Fernando Acosta
|
0-0: Ground out U3 (Groundball, 34S, EV 89.4 MPH)
|
Batting: LHB Gong Tow
|
0-0: Called Strike 0-1: Called Strike 0-2: Ball 1-2: Strikes out swinging
|
Batting: LHB Casper Significant
|
0-0: Ball 1-0: Called Strike 1-1: Ball 2-1: Foul Ball, location: 2F 2-2: Strikes out looking
|
Bottom of the 2nd over - 1 run, 1 hit, 0 errors, 0 left on base; Victoria 0 - Houston 2 |
TOP OF THE 3RD |
Victoria Capitals batting - Pitching for Houston Colt .45's : LHP Manny Gonzales
|
Batting: LHB Rick Harrison
|
0-0: Called Strike 0-1: Ball 1-1: Ball 2-1: Fly out, F8 (Flyball, 8LD, EV 96.2 MPH)
|
Batting: LHB Jason Cary
|
0-0: Ground out 5-3 (Groundball, 5L, EV 86.2 MPH)
|
Batting: RHB Tristan Martin
|
0-0: Foul Ball, location: 2F 0-1: Ball 1-1: Foul Ball, location: 2F 1-2: Strikes out swinging
|
Top of the 3rd over - 0 runs, 0 hits, 0 errors, 0 left on base; Victoria 0 - Houston 2 |
BOTTOM OF THE 3RD |
Houston Colt .45's batting - Pitching for Victoria Capitals : LHP Tristan Martin
|
Batting: RHB Jarno van Lente
|
0-0: Called Strike 0-1: Ball 1-1: Foul Ball, location: 2F 1-2: Foul Ball, location: 2F 1-2: Ball 2-2: Strikes out swinging
|
Batting: RHB Arnold Schuler
|
0-0: Fly out, F4 (Popup, 4MD, EV 58.8 MPH)
|
Batting: RHB Jamie Walker
|
0-0: Ball 1-0: Called Strike 1-1: Ball 2-1: Ball 3-1: Foul Ball, location: 2F 3-2: Foul Ball, location: 2F 3-2: Base on Balls
|
Batting: RHB Tim Williams
|
0-0: SINGLE (Line Drive, 9LM, EV 102.5 MPH) Jamie Walker to second Runner from 2nd tries for 3rd, SAFE, throw by RF made to third
|
Batting: LHB Ryan Fridley
|
0-0: Ball 1-0: Fly out, F7 (Flyball, 7LSF, EV 91.9 MPH)
|
Bottom of the 3rd over - 0 runs, 1 hit, 0 errors, 2 left on base; Victoria 0 - Houston 2 |
TOP OF THE 4TH |
Victoria Capitals batting - Pitching for Houston Colt .45's : LHP Manny Gonzales
|
Batting: RHB Ross Hallock
|
0-0: Swinging Strike 0-1: Ball 1-1: Ball 2-1: Called Strike 2-2: Ball 3-2: SOLO HOME RUN (Flyball, 7D, EV 96.2 MPH), Distance : 367 ft
|
Batting: LHB Addisu Nyamekye
|
0-0: Ball 1-0: Ground out 5-3 (Groundball, 56, EV 81.2 MPH)
|
Batting: RHB Jesus Santiago
|
0-0: Ball 1-0: Ball 2-0: Ball 3-0: Called Strike 3-1: Called Strike 3-2: SINGLE (Groundball, 6MD, EV 108.1 MPH)
|
Pitching: RHP Kurt Carr
|
|
Batting: RHB Steve Carmichael
|
0-0: Ball 1-0: Foul Ball, location: 2F 1-1: Foul Ball, location: 2F 1-2: Fly out, F8 (Flyball, 78D, EV 104.4 MPH)
|
Batting: RHB Rich Griffith
|
0-0: Called Strike 0-1: Ball 1-1: Foul Ball, location: 2F 1-2: Ball 2-2: Ball 3-2: Strikes out swinging
|
Top of the 4th over - 1 run, 2 hits, 0 errors, 1 left on base; Victoria 1 - Houston 2 |
BOTTOM OF THE 4TH |
Houston Colt .45's batting - Pitching for Victoria Capitals : LHP Tristan Martin
|
Batting: LHB Bert Middleton
|
0-0: Ball 1-0: Called Strike 1-1: Swinging Strike 1-2: Ball 2-2: Ball 3-2: Fly out, F8 (Flyball, 8LS, EV 77.5 MPH)
|
Batting: RHB Fernando Acosta
|
0-0: Ball 1-0: Foul Ball, location: 2F 1-1: DOUBLE (Groundball, 5L, EV 103.1 MPH)
|
Batting: LHB Gong Tow
|
0-0: Called Strike 0-1: Called Strike 0-2: Ball 1-2: Strikes out swinging
|
Batting: LHB Casper Significant
|
0-0: Ball 1-0: Ball 2-0: Ball 3-0: Base on Balls
|
Batting: RHB Jarno van Lente
|
0-0: Ground out 5-3 (Groundball, 5L, EV 88.1 MPH)
|
Bottom of the 4th over - 0 runs, 1 hit, 0 errors, 2 left on base; Victoria 1 - Houston 2 |
TOP OF THE 5TH |
Victoria Capitals batting - Pitching for Houston Colt .45's : RHP Kurt Carr
|
Batting: RHB Josh Rentz
|
0-0: Ball 1-0: Foul Ball, location: 2F 1-1: Called Strike 1-2: Ball 2-2: Strikes out swinging
|
Batting: LHB Rick Harrison
|
0-0: Ball 1-0: Foul Ball, location: 2F 1-1: Foul Ball, location: 2F 1-2: Foul Ball, location: 2F 1-2: Ball 2-2: Foul Ball, location: 2F 2-2: Foul Ball, location: 2F 2-2: Foul Ball, location: 2F 2-2: Ball 3-2: Strikes out swinging
|
Batting: LHB Jason Cary
|
0-0: Called Strike 0-1: Called Strike 0-2: Ball 1-2: Foul Ball, location: 2F 1-2: Ball 2-2: SINGLE (Flyball, 78S, EV 96.9 MPH)
|
Batting: RHB Tristan Martin
|
0-0: Called Strike Pickoff Throw to First - Out! 1-3
|
Top of the 5th over - 0 runs, 1 hit, 0 errors, 0 left on base; Victoria 1 - Houston 2 |
BOTTOM OF THE 5TH |
Houston Colt .45's batting - Pitching for Victoria Capitals : LHP Tristan Martin
|
Batting: RHB Arnold Schuler
|
0-0: Called Strike 0-1: Ball 1-1: Ball 2-1: Ground out 4-3 (Groundball, 4, EV 83.8 MPH)
|
Batting: RHB Jamie Walker
|
0-0: Reaches on Catchers interference
|
Pitching: RHP Jose Rios
|
|
Batting: RHB Tim Williams
|
0-0: Ball 1-0: Swinging Strike 1-1: Called Strike 1-2: Foul Ball, location: 2F 1-2: Strikes out swinging
|
Batting: LHB Ryan Fridley
|
0-0: Fly out, F7 (Flyball, 7LM, EV 101.9 MPH)
|
Bottom of the 5th over - 0 runs, 0 hits, 1 error, 1 left on base; Victoria 1 - Houston 2 |
TOP OF THE 6TH |
Victoria Capitals batting - Pitching for Houston Colt .45's : RHP Kurt Carr
|
Pitching: LHP Joe Sellick
|
|
Batting: RHB Tristan Martin
|
0-0: Called Strike 0-1: SINGLE (Line Drive, 34D, EV 95.6 MPH)
|
Batting: RHB Ross Hallock
|
0-0: Swinging Strike 0-1: Ball 1-1: Swinging Strike 1-2: Ball 2-2: Ball 3-2: Foul Ball, location: 2F 3-2: Base on Balls Tristan Martin to second
|
Batting: LHB Addisu Nyamekye
|
0-0: Fielders Choice at 2nd, 4-6 (Groundball, 34, EV 88.8 MPH) Tristan Martin to third
|
Batting: RHB Jesus Santiago
|
0-0: Called Strike 0-1: Swinging Strike 0-2: Strikes out swinging
|
Batting: RHB Steve Carmichael
|
0-0: Ball 1-0: Ball 2-0: Ball 3-0: Base on Balls Addisu Nyamekye to second
|
Pinch Hitting: RHB Jeremy Marin
|
0-0: Foul Ball, location: 2F 0-1: Swinging Strike 0-2: Strikes out looking
|
Top of the 6th over - 0 runs, 1 hit, 0 errors, 3 left on base; Victoria 1 - Houston 2 |
BOTTOM OF THE 6TH |
Houston Colt .45's batting - Pitching for Victoria Capitals : RHP Jose Rios
|
Now at 2B: Addisu Nyamekye
|
|
Now at SS: Jeremy Marin
|
|
Batting: LHB Bert Middleton
|
0-0: Foul Ball, location: 9LSF, Error on foul ball, E9 0-1: Swinging Strike 0-2: Ball 1-2: Ball 2-2: Strikes out swinging
|
Batting: RHB Fernando Acosta
|
0-0: Called Strike 0-1: Fly out, F9 (Line Drive, 9S, EV 85.0 MPH)
|
Batting: LHB Gong Tow
|
0-0: Foul Ball, location: 2F 0-1: Ball 1-1: Swinging Strike 1-2: Strikes out looking
|
Bottom of the 6th over - 0 runs, 0 hits, 1 error, 0 left on base; Victoria 1 - Houston 2 |
TOP OF THE 7TH |
Victoria Capitals batting - Pitching for Houston Colt .45's : LHP Joe Sellick
|
Batting: RHB Josh Rentz
|
0-0: SINGLE (Groundball, 34D, EV 103.8 MPH)
|
Pinch Hitting: LHB Taki Matsui
|
0-0: Ball Wild Pitch! Josh Rentz to second 1-0: Called Strike 1-1: Swinging Strike 1-2: Hit by Pitch
|
Pitching: RHP Marc Marchand
|
|
Batting: LHB Jason Cary
|
0-0: Ball 1-0: Fly out, F8 (Flyball, 78S, EV 94.4 MPH)
|
Batting: SHB Rich Roberts
|
0-0: Fly out, F9 (Flyball, 9LS, EV 86.9 MPH)
|
Batting: RHB Ross Hallock
|
0-0: Ball 1-0: Ball 2-0: Ball 3-0: Base on Balls Josh Rentz to third Taki Matsui to second
|
Batting: LHB Addisu Nyamekye
|
0-0: Ball 1-0: Ball 2-0: Called Strike 2-1: Foul Ball, location: 2F 2-2: Foul Ball, location: 2F 2-2: Ball 3-2: Foul Ball, location: 2F 3-2: TRIPLE (Flyball, 89XD, EV 110.6 MPH) Josh Rentz scores Taki Matsui scores Ross Hallock scores
|
Batting: RHB Jesus Santiago
|
0-0: Ground out 6-3 (Groundball, 6S, EV 92.5 MPH)
|
Top of the 7th over - 3 runs, 2 hits, 0 errors, 1 left on base; Victoria 4 - Houston 2 |
BOTTOM OF THE 7TH |
Houston Colt .45's batting - Pitching for Victoria Capitals : RHP Jose Rios
|
Now in LF: Steve Carmichael
|
|
Now in CF: Matt Hepburn
|
|
Batting: LHB Casper Significant
|
0-0: Ball 1-0: Called Strike 1-1: Swinging Strike 1-2: Strikes out swinging
|
Batting: RHB Jarno van Lente
|
0-0: Ball 1-0: Ball 2-0: Foul Ball, location: 2F 2-1: Ball 3-1: Foul Ball, location: 2F 3-2: Base on Balls
|
Batting: RHB Arnold Schuler
|
0-0: Ball Jarno van Lente steals 2nd base 1-0: 2-RUN HOME RUN (Flyball, 7LD, EV 95.0 MPH), Distance : 352 ft
|
Pinch Hitting: RHB Patrick Pinault
|
0-0: Ball 1-0: Ball 2-0: Foul Ball, location: 2F 2-1: Ball 3-1: Swinging Strike 3-2: Strikes out swinging
|
Batting: RHB Tim Williams
|
0-0: Called Strike 0-1: Ball 1-1: Ball 2-1: Ball 3-1: Called Strike 3-2: Strikes out looking
|
Bottom of the 7th over - 2 runs, 1 hit, 0 errors, 0 left on base; Victoria 4 - Houston 4 |
TOP OF THE 8TH |
Victoria Capitals batting - Pitching for Houston Colt .45's : RHP Marc Marchand
|
Now at 3B: Patrick Pinault
|
|
Now in RF: Jarno van Lente
|
|
Batting: RHB Steve Carmichael
|
0-0: Ball 1-0: Swinging Strike 1-1: Foul Ball, location: 2F 1-2: Hit by Pitch
|
Batting: RHB Jeremy Marin
|
0-0: Called Strike 0-1: Ball 1-1: Foul Ball, location: 2F 1-2: Strikes out swinging
|
Batting: RHB Josh Rentz
|
0-0: Ball 1-0: Ball 2-0: Called Strike 2-1: Called Strike 2-2: Strikes out swinging
|
Batting: LHB Matt Hepburn
|
0-0: Ball 1-0: SINGLE (Line Drive, 5D, EV 95.6 MPH) Steve Carmichael to second
|
Batting: LHB Jason Cary
|
0-0: Foul Ball, location: 2F 0-1: Ball 1-1: Called Strike 1-2: Ball 2-2: Ball 3-2: Foul Ball, location: 2F 3-2: Foul Ball, location: 2F 3-2: Base on Balls Steve Carmichael to third Matt Hepburn to second
|
Pitching: LHP Frank Vazquez
|
|
Batting: RHB Neal Perucci
|
0-0: Foul Ball, location: 2F 0-1: Ball 1-1: Swinging Strike 1-2: Strikes out swinging
|
Top of the 8th over - 0 runs, 1 hit, 0 errors, 3 left on base; Victoria 4 - Houston 4 |
BOTTOM OF THE 8TH |
Houston Colt .45's batting - Pitching for Victoria Capitals : RHP Jose Rios
|
Batting: LHB Ryan Fridley
|
0-0: Called Strike 0-1: Swinging Strike 0-2: Ball 1-2: Strikes out swinging
|
Batting: LHB Bert Middleton
|
0-0: Ball 1-0: Ball 2-0: SINGLE (Line Drive, 7S, EV 86.9 MPH)
|
Pinch Hitting: RHB Jesus Diego
|
0-0: Ball Pickoff Throw to First - Out! 1-3 1-0: Ball 2-0: Called Strike 2-1: Ball 3-1: Foul Ball, location: 2F 3-2: Ground out 1-3 (Groundball, 13, EV 66.9 MPH)
|
Bottom of the 8th over - 0 runs, 1 hit, 0 errors, 0 left on base; Victoria 4 - Houston 4 |
TOP OF THE 9TH |
Victoria Capitals batting - Pitching for Houston Colt .45's : LHP Frank Vazquez
|
Now at SS: Jarno van Lente
|
|
Now in RF: Jesus Diego
|
|
Batting: RHB Ross Hallock
|
0-0: Called Strike 0-1: Ball 1-1: Swinging Strike 1-2: Fly out, F9 (Flyball, 89S, EV 89.4 MPH)
|
Batting: LHB Addisu Nyamekye
|
0-0: Ball 1-0: Ball 2-0: Called Strike 2-1: Ball 3-1: Foul Ball, location: 2F 3-2: Base on Balls
|
Batting: RHB Jesus Santiago
|
0-0: Ball 1-0: Ball 2-0: Called Strike 2-1: Foul Ball, location: 2F 2-2: Ball 3-2: SINGLE (Groundball, 6D, EV 100.6 MPH) Addisu Nyamekye to second Addisu Nyamekye to third
|
Batting: RHB Steve Carmichael
|
0-0: Ball 1-0: Ball 2-0: Called Strike 2-1: Ball 3-1: Base on Balls Jesus Santiago to second
|
Pitching: LHP Jordan Garcia
|
|
Batting: RHB Jeremy Marin
|
0-0: SINGLE (Groundball, 56, EV 96.9 MPH) Addisu Nyamekye scores Jesus Santiago to third Steve Carmichael to second Runner from 3rd tries for Home, SAFE, throw by LF to home
|
Batting: RHB Josh Rentz
|
0-0: Called Strike 0-1: SINGLE (Groundball, 6MD, EV 106.9 MPH) Steve Carmichael to third Jeremy Marin to second
|
Batting: LHB Matt Hepburn
|
0-0: Ball 1-0: Fly out, F7 (Flyball, 78S, EV 86.9 MPH)
|
Batting: LHB Jason Cary
|
0-0: Called Strike 0-1: Ball 1-1: Foul Ball, location: 2F 1-2: Ball 2-2: Ball 3-2: Foul Ball, location: 2F 3-2: Strikes out swinging
|
Top of the 9th over - 2 runs, 3 hits, 0 errors, 3 left on base; Victoria 6 - Houston 4 |
BOTTOM OF THE 9TH |
Houston Colt .45's batting - Pitching for Victoria Capitals : RHP Jose Rios
|
Pitching: RHP Yen-nien Luo
|
|
Pinch Hitting: RHB Leo Lopez
|
0-0: Ball 1-0: Swinging Strike 1-1: Swinging Strike 1-2: Strikes out swinging
|
Pinch Hitting: LHB Vecdi Hodensack
|
0-0: Ball 1-0: Ball 2-0: Ball 3-0: Base on Balls
|
Batting: RHB Jarno van Lente
|
0-0: Called Strike 0-1: Fly out, F9 (Flyball, 9LD, EV 82.5 MPH)
|
Batting: RHB Arnold Schuler
|
0-0: Ball 1-0: Fielders Choice at 2nd, 5-4 (Groundball, 56, EV 98.8 MPH)
|
Bottom of the 9th over - 0 runs, 0 hits, 0 errors, 1 left on base; Victoria 6 - Houston 4 |
|